 Dungeon Crawl Stone Soup version 0.24.0-125-gc4c63601f3 (webtiles) character file.

Game seed: 7963024048415988781, levelgen mode: deterministic

7492 H0rd4k the Carver (level 11, -9/83 HPs)
             Began as a Human Artificer on Feb 17, 2020.
             Mangled by a white ugly thing (35 damage)
             ... on level 11 of the Dungeon on Feb 18, 2020.
             The game lasted 00:24:15 (11534 turns).

H0rd4k the Carver (Human Artificer)                Turns: 11534, Time: 00:24:16

Health: -9/83      AC: 16    Str: 18    XL:     11   Next: 38%
Magic:  14/14      EV: 13    Int: 11    God:
Gold:   248        SH:  0    Dex: 15    Spells: 10/10 levels left

rFire    . . .     SeeInvis .   c - +7 scimitar (vamp)
rCold    . . .     Gourm    .   (no shield)
rNeg     . . .     Faith    .   x - +3 scale mail
rPois    .         Spirit   .   (no helmet)
rElec    .         Reflect  .   o - +2 cloak
rCorr    .         Harm     .   J - +2 pair of gloves {Str+3}
MR       .....                  (no boots)
Stlth    ++........             (no amulet)
HPRegen  0.23/turn              m - ring of stealth
MPRegen  0.14/turn              (no ring)

@: no status effects
A: no striking features
a: no special abilities


You were on level 11 of the Dungeon.
You were hungry.

You visited 1 branch of the dungeon, and saw 11 of its levels.
You also visited: Ossuary.

You collected 552 gold pieces.
You spent 304 gold pieces at shops.

Inventory:

Hand Weapons
 c - a +7 vampiric scimitar (weapon)
 h - a +2 falchion of freezing
 n - a +1 dagger of speed
 O - a cursed -1 short sword
Missiles
 u - 17 poisoned darts (quivered)
Armour
 o - a +2 cloak (worn)
 x - a +3 scale mail (worn)
 J - a +2 pair of gloves of strength (worn)
 M - a +2 robe of positive energy
 T - a +2 robe of fire resistance
Magical Staves
 K - an uncursed staff of wizardry
Jewellery
 m - a ring of stealth (left hand)
 A - an uncursed ring of ice
Wands
 d - a wand of enslavement (12)
 e - a wand of random effects (42)
 s - a wand of polymorph (3)
 E - a wand of clouds (4)
 G - a wand of acid (9)
 S - a wand of paralysis (9)
Scrolls
 g - 10 scrolls of identify
 i - a scroll of enchant armour
 k - 3 scrolls of noise {unknown}
 l - 3 scrolls of magic mapping
 y - 2 scrolls of teleportation
 z - 2 scrolls of remove curse
 B - 5 scrolls of blinking
 C - a scroll of fear {unknown}
 D - a scroll of torment {unknown}
 H - a scroll of vulnerability {unknown}
 L - a scroll of immolation {unknown}
 R - a scroll of amnesia {unknown}
Potions
 a - a potion of might {unknown}
 b - 3 potions of degeneration
 j - 2 potions of haste {unknown}
 p - a potion of cancellation {unknown}
 q - 2 potions of agility
 r - 2 potions of lignification {unknown}
 t - 6 potions of curing {unknown}
 v - a potion of heal wounds
 w - 2 potions of flight {unknown}
 F - 2 potions of brilliance {unknown}
 I - a potion of mutation {unknown}
 P - a potion of berserk rage {unknown}
Comestibles
 f - 16 rations


   Skills:
 + Level 6.4 Fighting
 + Level 6.9(9.6) Short Blades
 + Level 10.3(11.1) Long Blades
 + Level 2.3 Throwing
 - Level 4.2 Armour
 + Level 5.7 Dodging
 + Level 4.5 Stealth
 + Level 4.9 Evocations


You had 10 spell levels left.
You didn't know any spells.
Your spell library contained the following spells:

 Spells                   Type           Power        Failure   Level  Hunger
 Confusing Touch          Hex            #.....       71%         1    ##.....
 Confuse                  Hex            #.......     97%         3    ####...
 Gell's Gravitas          Tloc           #.........   97%         3    ####...
 Petrify                  Tmut/Erth      #.......     100%        4    #####..
 Metabolic Englaciation   Hex/Ice        #.........   100%        5    ######.
 Yara's Violent Unravell  Hex/Tmut       #.........   100%        5    ######.


Dungeon Overview and Level Annotations

Branches:
Dungeon (11/15)            Temple (0/1) D:7            Lair (0/6) D:10
    Orc (0/2) D:10        Ossuary (visited)

Altars:
Ashenzari
Dithmenos
Elyvilon
Gozag
Kikubaaqudgha
Okawaru
Qazlal
Ru
Trog
Vehumet
Xom
Yredelemnul
Zin
The Shining One

Shops:
D:7 *

Annotations:
D:4 exclusion: ogre
D:5 exclusion: downstairs
D:6 exclusion: downstairs
D:7 exclusion: 2 downstairs


Message History

The white ugly thing trunk-slaps you but does no damage.
Evoke which item? (* to show all) (? for menu, Esc to quit)
Aiming: Enslavement
Press: ? - help, Shift-Dir - straight line, f - white ugly thing
Aim: a white ugly thing (heavily wounded, chance to defeat MR: 43%)
The white ugly thing resists with some effort.
The white ugly thing trunk-slaps you but does no damage.
Evoke which item? (* to show all) (? for menu, Esc to quit)
Aiming: Enslavement
Press: ? - help, Shift-Dir - straight line, f/p - white ugly thing
Aim: a white ugly thing (heavily wounded, chance to defeat MR: 43%)
The white ugly thing resists with some effort.
The white ugly thing completely misses you.
Evoke which item? (* to show all) (? for menu, Esc to quit)
Aiming: Enslavement
Press: ? - help, Shift-Dir - straight line, f/p - white ugly thing
Aim: a white ugly thing (heavily wounded, chance to defeat MR: 43%)
The white ugly thing resists with some effort.
The white ugly thing trunk-slaps you. The white ugly thing freezes you!!
You die...

#####
#...########.
#....<.......
##..######### .#
##.....@uD.# .#
#########.# .###
########.# ...
.........# ..#
.######..# ..#
#>.########..#
#............#
#..........%....
############.###


You could see a white ugly thing and a steam dragon.

Vanquished Creatures
  A two-headed ogre (D:9)
  Psyche (D:8)
  3 orc warriors
  2 polar bears (D:10)
  A wraith (D:9)
  A spriggan (D:9)
  6 yaks (D:10)
  A hungry ghost (D:5)
  A water moccasin (D:10)
  2 porcupines (D:10)
  3 ice beasts
  A sky beast (D:8)
  A hornet zombie (D:7)
  3 necrophages
  2 black bears
  6 ogres
  A centaur (D:8)
  A crocodile (D:10)
  A gnoll sergeant (D:5)
  8 bullfrogs
  2 scorpions
  A jelly (D:7)
  6 killer bees
  2 howler monkeys
  3 crimson imps
  5 centaur zombies
  A bullfrog zombie (D:6)
  3 orc priests
  2 hounds
  A bullfrog skeleton (D:9)
  4 human zombies
  2 human skeletons (D:9)
  4 iguanas
  10 orc wizards
  6 worker ants
  A killer bee zombie (D:9)
  2 big kobold zombies (Ossuary)
  A hound zombie (D:9)
  A hound skeleton (D:7)
  6 mummies
  A worker ant zombie (D:9)
  4 gnolls (D:5)
  8 adders
  3 shadow imps
  2 adder zombies (Ossuary)
  A worm (D:4)
  4 dart slugs
  6 leopard geckos
  25 orcs
  10 giant cockroaches
  10 goblins
  3 hobgoblins
  13 jackals
  8 quokkas
  A ball python (D:1)
  3 bats
  4 frilled lizards
  A goblin zombie (Ossuary)
  5 hobgoblin zombies (Ossuary)
  A jackal skeleton (D:5)
  A jackal zombie (Ossuary)
  6 kobolds
  12 kobold zombies (Ossuary)
  A leopard gecko skeleton (D:5)
  8 orc zombies (Ossuary)
  A quokka skeleton (D:6)
  5 rats
  3 rat zombies (Ossuary)
259 creatures vanquished.

Vanquished Creatures (collateral kills)
  A killer bee (D:6)
  A leopard gecko (D:4)
  4 orcs
  A goblin (D:2)
7 creatures vanquished.

Vanquished Creatures (others)
  A killer bee (D:6)
  2 bullfrogs (D:7)
  An orc wizard (D:4)
  An adder (D:7)
  A quokka (D:5)
  6 fungi (D:10)
  3 plants (D:10)
15 creatures vanquished.

Grand Total: 281 creatures vanquished

Notes
Turn   | Place    | Note
-------+----------+-------------------------------------------
     0 | D:1      | H0rd4k the Human Artificer began the quest for the Orb.
     0 | D:1      | Reached XP level 1. HP: 15/15 MP: 3/3
    90 | D:1      | Reached XP level 2. HP: 18/21 MP: 4/4
   595 | D:1      | Reached skill level 1 in Armour
   595 | D:1      | Reached XP level 3. HP: 4/26 MP: 5/5
  1283 | D:2      | Reached XP level 4. HP: 23/32 MP: 6/6
  2397 | D:3      | Reached XP level 5. HP: 34/37 MP: 7/7
  2426 | D:3      | Found a faded altar of an unknown god.
  3263 | D:4      | Noticed an ogre
  3417 | D:4      | Reached XP level 6. HP: 40/43 MP: 8/8
  4374 | D:5      | Entered Level 5 of the Dungeon
  4425 | D:5      | Found a basalt altar of Yredelemnul.
  4440 | D:5      | Noticed a hungry ghost
  4449 | D:5      | Killed a hungry ghost
  4449 | D:5      | Reached XP level 7. HP: 50/50 MP: 10/10
  4574 | D:5      | Found a radiant altar of Vehumet.
  4574 | D:5      | Found an iron altar of Okawaru.
  4755 | D:5      | Found a white marble altar of Elyvilon.
  4925 | D:5      | Found a stormy altar of Qazlal.
  5774 | D:6      | Reached XP level 8. HP: 43/57 MP: 11/11
  6012 | D:6      | Reached skill level 1 in Throwing
  6246 | D:6      | Found a shattered altar of Ashenzari.
  6277 | D:6      | Reached skill level 5 in Short Blades
  6536 | D:6      | Found a glowing golden altar of the Shining One.
  7297 | D:7      | Found a sand-covered staircase.
  7301 | Ossuary  | Entered an ossuary
  7590 | Ossuary  | Reached XP level 9. HP: 49/64 MP: 12/12
  8144 | D:7      | Found a staircase to the Ecumenical Temple.
  8181 | D:7      | Found Valyuzxe's General Store.
  8186 | D:7      | Reached skill level 1 in Long Blades
  8213 | D:7      | Bought a +0 pair of gloves of strength for 184 gold pieces
  8213 | D:7      | Bought a scroll of blinking for 120 gold pieces
  8347 | D:6      | Killed an orc warrior
  8347 | D:6      | Reached skill level 2 in Long Blades
  8966 | D:8      | Noticed Psyche
  9015 | D:8      | Reached skill level 3 in Long Blades
  9130 | D:8      | Killed Psyche
  9130 | D:8      | Reached skill level 4 in Long Blades
  9161 | D:7      | Reached XP level 10. HP: 54/73 MP: 13/13
  9378 | D:8      | Found a shadowy altar of Dithmenos.
  9427 | D:8      | Reached skill level 5 in Long Blades
  9450 | D:8      | Found a sacrificial altar of Ru.
  9463 | D:8      | Found an opulent altar of Gozag.
  9925 | D:9      | Reached skill level 6 in Long Blades
  9999 | D:9      | Found a shimmering altar of Xom.
  9999 | D:9      | Found a glowing silver altar of Zin.
  9999 | D:9      | Noticed an angel
 10022 | D:9      | Noticed a two-headed ogre
 10040 | D:9      | Killed a two-headed ogre
 10040 | D:9      | Reached skill level 5 in Fighting
 10040 | D:9      | Reached skill level 7 in Long Blades
 10040 | D:9      | Reached skill level 5 in Dodging
 10176 | D:9      | Reached skill level 8 in Long Blades
 10616 | D:9      | Found an ancient bone altar of Kikubaaqudgha.
 10737 | D:10     | Entered Level 10 of the Dungeon
 10812 | D:10     | Found a staircase to the Orcish Mines.
 10860 | D:10     | Reached XP level 11. HP: 80/80 MP: 14/14
 10865 | D:10     | Reached skill level 9 in Long Blades
 10966 | D:10     | Found a staircase to the Lair.
 10976 | D:10     | Reached skill level 10 in Long Blades
 11172 | D:10     | Found a bloodstained altar of Trog.
 11233 | D:10     | Found a basalt altar of Yredelemnul.
 11509 | D:11     | Noticed a white ugly thing
 11534 | D:11     | Mangled by a white ugly thing

Levels and vault maps discovered:
D:1:      lemuel_arrival_lava_pool, layout_rooms
D:2:      layout_basic, wad_orctagon
D:3:      layout_loops_ring, chequers_ecumenical_altar_lobes
D:4:      layout_layer_cave
D:5:      layout_basic, nicolae_qazlal_general_emergency, kennysheep_little_box,
          gammafunk_temple_overflow_wave, first_ration, elyvilon_altar_4
D:6:      layout_basic, nicolae_overflow_hidden_temple, tso_altar
D:7:      layout_basic, minmay_temple_entry_grid, enter_ossuary_5, serial_shops,
          shop
D:8:      layout_basic, kennysheep_mini, amethyst_overflow_temple_binary,
          uniq_psyche
D:9:      layout_long_grid, grunt_temple_overflow_order_and_chaos_1,
          lemuel_mausoleum_altar_kikubaaqudgha, the_bakery
D:10:     layout_loops_ring, due_lair_maze_entry_diamond, orc_0_dummy,
          kennysheep_flooded_box, trog_ov_bears_minmay
D:11:     layout_loops_ring, lightli_wizard_tower

Skill      XL: |  1  2  3  4  5  6  7  8  9 10 11 |
---------------+----------------------------------+-----
Armour         | 1 2 3 4 |  4.2
Short Blades   | 2 3 4 5 6 |  6.9
Stealth        | 2 3 4 |  4.5
Evocations     | 4 |  4.9
Fighting       | 2 3 4 5 6 |  6.4
Dodging        | 3 4 5 |  5.7
Throwing       | 1 2 |  2.3
Long Blades    | 4 8 10 | 10.3

Action                   |  1- 3 |  4- 6 |  7- 9 | 10-12 || total
-------------------------+-------+-------+-------+-------++-------
Melee: Short sword       |   127 |       |       |       ||   127
       Dagger            |       |   303 |   764 |       ||  1067
       Scimitar          |       |       |    96 |   315 ||   411
Throw: Dart              |       |       |    23 |       ||    23
Evoke: Wand              |     7 |    23 |    25 |     3 ||    58
  Use: Potion            |       |     1 |       |     1 ||     2
       Scroll            |       |       |     7 |     5 ||    12
 Stab: Sleeping          |     1 |    10 |     7 |     4 ||    22
       Distracted        |       |     1 |       |       ||     1
  Eat: Chunk             |     1 |     9 |     7 |     8 ||    25
       Ration            |       |       |     3 |       ||     3
Armor: Leather armour    |    33 |    36 |       |       ||    69
       Scale mail        |       |    48 |   246 |   177 ||   471
Dodge: Dodged            |    75 |    86 |   315 |   191 ||   667
       Rpst.: Scimitar   |       |       |    22 |    56 ||    78
